 Dungeon Crawl Stone Soup version 0.31.0-9-g3a7656b989 (webtiles) character file.

Game seed: 6915101705510745470

240 qw the Shooter (level 5, -1/26 HPs)
             Began as a Spriggan Hunter on Feb 3, 2024.
             Succumbed to an adder's poison
             ... in a sewer.
             The game lasted 00:00:56 (2322 turns).

qw the Shooter (Spriggan Hunter)                    Turns: 2322, Time: 00:00:56

Health: -1/26      AC:  2    Str:  7    XL:     5   Next: 79%
Magic:  1/6        EV: 20    Int: 11    God:
Gold:   116        SH:  0    Dex: 20    Spells: 4/4 levels left

rFire   . . .        a - +0 shortbow
rCold   . . .        (shield currently unavailable)
rNeg    . . .        c - +0 robe
rPois   .            (helmet restricted)
rElec   .            (no cloak)
rCorr   .            (gloves unavailable)
SInv    +            (boots unavailable)
Will    .....        k - amulet of guardian spirit
Stlth   +            (no ring)
HPRegen 0.24/turn    (no ring)
MPRegen 0.10/turn

%: guardian spirit
@: lethally poisoned (-1 -> -6), slow
A: very small, no large weapons, unfitting armour, see invisible, speed 3
a: no special abilities


You were in a sewer.
You visited 1 branch of the dungeon, and saw 3 of its levels.
You also visited: Sewer.

You collected 116 gold pieces.


Innate Abilities, Weirdness & Mutations

You are very small and have problems with some larger weapons.
You are too small for most types of armour.
You have supernaturally acute eyesight. (SInv)
You cover ground extremely quickly. (Speed+++)


   Skills:
 - Level 2.0 Fighting
 - Level 6.0 Ranged Weapons
 + Level 5.1 Dodging
 - Level 1.5 Stealth


You had 4 spell levels left.
You didn't know any spells.
Your spell library was empty.

Inventory:

Hand Weapons
 a - a +0 shortbow (weapon)
Armour
 c - a +0 robe (worn)
Jewellery
 k - an amulet of guardian spirit (around neck)
Scrolls
 d - a scroll of identify
Potions
 b - a potion of enlightenment
 g - a potion of might {unknown}
 h - 2 potions of attraction {unknown}

Dungeon Overview and Level Annotations

Branches:
Dungeon (3/15)              Sewer (1/1)

Altars:
Elyvilon
Zin

Annotations:
D:3 1 runed translucent door, Crazy Yiuf


Message History

You are no longer poisoned.
The rat bites you. The adder closely misses you.
The ball python closely misses you. The ball python constricts you.
The rat bites you.
You shoot an arrow. The arrow hits the ball python!
You kill the ball python!
The adder completely misses you. The ball python barely misses you.
The ball python misses you.
The rat splashes around in the water.
You shoot an arrow. The arrow hits the adder.
The adder is severely wounded.
The adder misses you. The ball python closely misses you.
The ball python completely misses you. The rat closely misses you.
The rat completely misses you. The adder bites you.
You are poisoned.
The adder poisons you!
You shoot an arrow. The arrow misses the adder.
You feel sick.
The ball python completely misses you. x2; The adder misses you.
The rat misses you. The rat closely misses you.
The ball python closely misses you. The ball python misses you.
You shoot an arrow. The arrow hits the adder.
The adder is almost dead.
You feel sick. The adder barely misses you. The rat completely misses you.
The rat bites you. The ball python barely misses you.
The ball python grabs you. The ball python constricts you.
You shoot an arrow. The arrow hits the ball python.
The ball python is heavily wounded.
You feel sick. The adder bites you. The ball python closely misses you.
The ball python constricts you. The rat misses you.
The rat splashes around in the water.
The adder closely misses you.
You shoot an arrow. The arrow hits the ball python.
You kill the ball python!
You feel sick. The adder bites you.
You are more poisoned.
The adder poisons you! The rat bites you. The rat closely misses you.
An adder comes into view.
You shoot an arrow. The arrow barely misses the adder.
You feel sick. The adder bites you.
The rat splashes around in the water.
The rat bites you. The adder misses you.
You shoot an arrow. The arrow closely misses the adder.
You die...

#####% #..'.. #..#..
####..
####################...
##..~~~~~#.#~~~~~~~.....
...~~~~~~~~.~~~~~~~.....
....~r~S~.)~~~~~~~~.....
....r~r@~.[.~~~~~~~~....
....rrr~~...~~~~~~~....#
.S..~~~~~~~#~~~~~~~#.###
..#################### .


You could see 2 adders and 6 rats.

Vanquished Creatures
  Jessica (D:2)
  Terence (D:2)
  5 adders
  7 river rats
  4 ribbon worms
  2 orcs
  3 bats (D:2)
  2 endoplasms (D:3)
  2 giant cockroaches
  7 goblins
  6 hobgoblins
  2 jackals (D:2)
  5 quokkas
  7 ball pythons
  A frilled lizard (D:1)
  3 kobolds
  20 rats
78 creatures vanquished.

Notes
Turn   | Place    | Note
-------+----------+-------------------------------------------
     0 | D:1      | qw the Spriggan Hunter began the quest for the Orb.
     0 | D:1      | Reached XP level 1. HP: 10/10 MP: 2/2
     0 | D:1      | 0 ||| qw: Version: 0.3-a-155-g5e7d8dd
     0 | D:1      | 0 ||| qw: Game counter: 3026
     0 | D:1      | 0 ||| qw: Melee chars always use a shield: true
     0 | D:1      | 0 ||| qw: God list: Okawaru
     0 | D:1      | 0 ||| qw: Allow faded altars: false
     0 | D:1      | 0 ||| qw: Do Orc after clearing Dungeon:15 true
     0 | D:1      | 0 ||| qw: Do second Lair branch before Depths: true
     0 | D:1      | 0 ||| qw: Lair rune preference: random
     0 | D:1      | 0 ||| qw: Goals: Normal
     0 | D:1      | 0 ||| PLANNING D:1-11
    86 | D:1      | Reached skill level 3 in Dodging
   361 | D:1      | Reached XP level 2. HP: 13/14 MP: 3/3
   806 | D:1      | 806 ||| DROPPING amulet of magic regeneration.
   807 | D:1      | 807 ||| READING scroll labelled QUALYONUYT.
   807 | D:1      | 807 ||| IDENTIFYING scroll labelled ECZISE FYIZAROE
   808 | D:1      | 808 ||| DROPPING scroll of butterflies.
   809 | D:1      | 809 ||| DROPPING scroll of vulnerability.
   920 | D:2      | Noticed Jessica
   925 | D:2      | Killed Jessica
   926 | D:2      | Reached XP level 3. HP: 18/18 MP: 4/4
  1082 | D:2      | Reached skill level 5 in Ranged Weapons
  1110 | D:2      | Noticed Terence
  1121 | D:2      | Killed Terence
  1122 | D:2      | Reached XP level 4. HP: 11/22 MP: 5/5
  1330 | D:2      | 1330 ||| UPGRADING to amulet of guardian spirit.
  1335 | D:2      | 1335 ||| READING scroll of identify.
  1335 | D:2      | 1335 ||| IDENTIFYING fizzy sapphire potion
  1336 | D:2      | 1336 ||| READING scroll labelled PONATY SIELEL.
  1337 | D:2      | 1337 ||| READING scroll labelled RARGHU YKHLESOI.
  1337 | D:2      | 1337 ||| ENCHANTING +0 shortbow.
  1338 | D:2      | 1338 ||| READING 3 scrolls labelled QOCWIA XUEDAOF.
  1339 | D:2      | 1339 ||| DRINKING 2 murky black potions.
  1340 | D:2      | 1340 ||| DROPPING 2 scrolls of noise.
  1341 | D:2      | 1341 ||| DROPPING potion of degeneration.
  1360 | D:3      | Found a faded altar of an unknown god.
  1361 | D:3      | 1361 ||| PLANNING SEWER
  1361 | D:3      | 1361 ||| STAIRDANCE
  1365 | D:3      | 1365 ||| STAIRDANCE
  1369 | D:3      | 1369 ||| STAIRDANCE
  1436 | D:3      | Found a glowing silver altar of Zin.
  1702 | D:3      | Found a runed translucent door.
  1703 | D:3      | Noticed Crazy Yiuf
  1821 | D:3      | Found a white marble altar of Elyvilon.
  1918 | D:3      | Reached XP level 5. HP: 24/26 MP: 6/6
  2013 | D:3      | Found a glowing drain.
  2014 | D:3      | 2014 ||| READING scroll of identify.
  2014 | D:3      | 2014 ||| IDENTIFYING murky silvery potion
  2015 | D:3      | 2015 ||| READING scroll labelled EMMAHU YWESTRE.
  2018 | D:3      | 2018 ||| DROPPING potion of brilliance.
  2082 | Sewer    | Entered a sewer
  2162 | Sewer    | HP: 5/26 [adder (2)]
  2165 | Sewer    | HP: 2/26 [poisoned by an adder]
  2309 | Sewer    | Reached skill level 6 in Ranged Weapons
  2320 | Sewer    | HP: 6/26 [adder (1)]
  2321 | Sewer    | HP: 1/26 [rat (2)]
  2322 | Sewer    | Succumbed to an adder's poison

Levels and vault maps discovered:
D:1:      lightli_arrival_isolated_outpost, layout_basic
D:2:      layout_rooms, nicolae_titane, uniq_jessica, uniq_terence
D:3:      layout_rooms, elyvilon_altar_1, old_standard_altar, serial_rivers,
          chequers_serial_rivers_micro_a, chequers_serial_rivers_marsh,
          chequers_serial_rivers_small_3, chequers_serial_rivers_micro_a,
          chequers_serial_rivers_small_a, basic_ecumenical_altar,
          lightli_sewer_entry_pipes, uniq_crazy_yiuf_cottage
Sewer:    sewer_minmay_w

Skill      XL: |  1  2  3  4  5 |
---------------+----------------+-----
Dodging        | 3 4 5 |  5.1
Ranged Weapons | 5 6 |  6.0
Fighting       | 2 |  2.0
Stealth        | |  1.5

Action                     |  1- 3 |  4- 6 || total
---------------------------+-------+-------++-------
   Fire: Shortbow          |    91 |   172 ||   263
    Use: Scroll            |     1 |     6 ||     7
         Potion            |       |     1 ||     1
 Armour: Robe              |    10 |    35 ||    45
  Dodge: Dodged            |    30 |   140 ||   170

Table legend:
 A = Non-vault XP
 B = Vault XP
 C = Vault XP percentage of total XP
 D = Non-vault monster count
 E = Vault monster count
 F = Vault count percentage of total count
                 A         B        C        D         E       F
            +---------+---------+-------+---------+---------+-------
      Total |      96 |     247 |  72.0 |      48 |      30 |  38.5
            +---------+---------+-------+---------+---------+-------
        D:1 |      24 |       0 |   0.0 |      16 |       0 |   0.0
        D:2 |      35 |      73 |  67.6 |      17 |       2 |  10.5
        D:3 |      37 |      67 |  64.4 |      15 |       9 |  37.5
      Sewer |       0 |     107 | 100.0 |       0 |      19 | 100.0
            +---------+---------+-------+---------+---------+-------
